Lightning vs Canucks

Created - December-22-14 at 18:08

Goals
1 2 3 T
Lightning 1 1 4 6
Canucks 0 1 1 2
Shots
1 2 3 T
Lightning 2 8 11 21
Canucks 12 16 13 41

1st period

1. Lightning , Patrick Kane 16 (Brent Seabrook, Henrik Sedin) at 11:59

Penalties :
Ryan OReilly (VAN) for Slashing (Minor) at 1:28, Curtis Glencross (TBL) for Cross-checking (Minor) at 6:26, David Schlemko (TBL) for Holding (Minor) at 9:39, Brent Seabrook (TBL) for Holding (Minor) at 13:08, Chris Kreider (VAN) for Hooking (Minor) at 19:46

2nd period

2. Lightning , Curtis Glencross 13 (Andrej Meszaros, Tomas Plekanec) at 3:42 (PP)
3. Canucks , Erik Karlsson 6 (Phil Kessel, Ryan OReilly) at 4:21

Penalties :
Justin Braun (VAN) for High sticking (Minor) at 3:36, Tomas Plekanec (TBL) for Holding (Minor) at 5:16, Erik Gudbranson (TBL) for Hooking (Minor) at 16:32

3rd period

4. Lightning , Patrick Kane 17 (Erik Gudbranson, Henrik Sedin) at 10:22 (PP)
5. Lightning , Maxime Talbot 8 (Andrej Meszaros, Travis Zajac) at 10:28
6. Lightning , Scott Hannan 4 (Patrick Kane, David Schlemko) at 15:03
7. Canucks , Logan Couture 11 (P.K. Subban, Phil Kessel) at 19:17
8. Lightning , Patrick Kane 18 (Curtis Glencross, Andrej Meszaros) at 19:42

Penalties :
Justin Braun (VAN) for Hooking (Minor) at 5:22, P.K. Subban (VAN) for Interference (Minor) at 9:38

Goalie Stats

Alex Stalock (TBL), 39 saves from 41 shots - (0.951), W, 7-4-1, 60:00 minutes
Henrik Lundqvist (VAN), 15 saves from 21 shots - (0.714), L, 19-11-0, 60:00 minutes

Players Stats for Lightning

Player Name              G  A  P  +/- PIM S  H  SB GA TA FO     MP     PP MP  PK MP  
------------------------------------------------------------------------------------
Andrej Meszaros          0  3  3   2  0   0  0  1  0  0  0/0    20:28   2:44   4:17 
Andrej Sekera            0  0  0  -1  0   1  0  6  0  0  0/0    25:50   4:03   5:27 
Brent Seabrook           0  1  1  -1  2   0  2  2  0  0  0/0    24:02   4:03   3:40 
Cam Atkinson             0  0  0  -1  0   0  0  1  0  0  2/6    18:18   3:00   2:22 
Curtis Glencross         1  1  2   2  2   3  3  0  0  0  0/1    20:20   2:42   0:00 
David Schlemko           0  1  1   1  2   1  2  0  0  0  0/0    11:55   0:00   0:40 
Eric Fehr                0  0  0   0  0   0  0  0  0  0  0/0     3:49   0:00   0:00 
Erik Gudbranson          0  1  1   2  2   1  4  1  0  0  0/0    21:30   2:44   3:05 
Henrik Sedin             0  2  2   2  0   4  0  0  0  0  11/20  21:09   3:00   0:30 
Jason Chimera            0  0  0  -1  0   0  4  0  0  0  0/0    19:53   3:47   3:10 
Luca Sbisa               0  0  0   0  0   0  0  0  0  0  0/0     2:15   0:00   0:00 
Maxim Lapierre           0  0  0   0  0   0  2  0  0  0  0/3     3:49   0:00   0:00 
Maxime Talbot            1  0  1   1  0   2  1  0  0  0  0/1    18:28   0:00   5:45 
Patrick Kane             3  1  4   2  0   4  0  1  0  0  1/3    20:39   3:00   0:00 
Scott Hannan             1  0  1   1  0   1  0  0  0  0  0/0    13:57   0:00   2:41 
Teddy Purcell            0  0  0   1  0   1  0  0  0  0  1/1     8:54   0:00   0:00 
Tomas Plekanec           0  1  1  -1  2   2  2  1  0  0  14/37  21:58   3:47   5:16 
Travis Zajac             0  1  1   1  0   1  0  0  0  0  7/15   12:46   1:05   2:47 

Players Stats for Canucks

Player Name              G  A  P  +/- PIM S  H  SB GA TA FO     MP     PP MP  PK MP  
------------------------------------------------------------------------------------
Adam Henrique            0  0  0  -1  0   1  0  0  0  0  0/1    17:49   0:00   1:48 
Alex Pietrangelo         0  0  0  -1  0   2  0  0  0  0  0/0    23:09   4:29   3:11 
Andrei Markov            0  0  0   0  0   2  0  2  0  0  0/0    18:12   0:00   3:11 
Brent Burns              0  0  0  -2  0   3  0  1  0  0  0/0    17:26   5:26   0:00 
Chris Kreider            0  0  0  -2  2   2  1  0  0  0  0/0    12:53   0:00   0:00 
Claude Giroux            0  0  0  -1  0   5  0  0  0  0  22/32  21:40   5:39   0:00 
Dmitry Kulikov           0  0  0   0  0   0  0  0  0  0  0/0     1:32   0:00   0:00 
Erik Karlsson            1  0  1   0  0   5  1  0  0  0  0/0    22:55   5:26   0:56 
Jonas Brodin             0  0  0  -1  0   0  0  1  0  0  0/0    14:52   0:00   3:36 
Justin Braun             0  0  0  -1  4   1  0  0  0  0  0/0    13:47   0:00   2:33 
Logan Couture            1  0  1   1  0   6  0  0  0  0  15/22  22:23   4:16   4:59 
Marcus Kruger            0  0  0   0  0   0  0  0  0  0  5/8     7:08   0:00   4:59 
Nazem Kadri              0  0  0  -2  0   6  1  0  0  0  9/18   16:54   4:16   0:38 
P.K. Subban              0  1  1  -1  2   3  5  1  0  0  0/0    20:04   4:29   0:07 
Phil Kessel              0  2  2   1  0   2  0  0  0  0  0/2    20:02   5:39   0:00 
Ryan Johansen            0  0  0  -1  0   3  1  0  0  0  0/1    21:40   5:39   0:00 
Ryan OReilly             0  1  1   1  2   0  0  0  0  0  0/3    18:33   4:16   1:10 
Vladimir Sobotka         0  0  0   0  0   0  0  0  0  0  0/0     2:09   0:00   0:00 

3 Stars

1 - Patrick Kane (TBL)
2 - Andrej Meszaros (TBL)
3 - Curtis Glencross (TBL)

Power Play

Lightning - 2 on 5 Attempt(s) - 40.00%
Canucks - 0 on 5 Attempt(s) - 0.00%

Penalty Kill

Lightning - 5 on 5 Attempt(s) - 100.00% - Score 0 goal in Penalty Kill
Canucks - 3 on 5 Attempt(s) - 60.00% - Score 0 goal in Penalty Kill

Team Stat

Lightning - Hits : 20 - Faceoff Wins : 36 - Blocked Shots : 13 - Penalty Minutes : 10
Canucks - Hits : 9 - Faceoff Wins : 51 - Blocked Shots : 5 - Penalty Minutes : 10

Official

Referees : Chris Rooney and Greg Kimmerly
Linesman : Vaughan Rody and Derek Nansen

Game Notes

Patrick Kane has scored a Hat Trick!

Finance

Level 1 -- Attendance: 6500 (100.00%) -- Ticket Income $520,000
Level 2 -- Attendance: 4430 (88.60%) -- Ticket Income $287,950
Level 3 -- Attendance: 3440 (98.29%) -- Ticket Income $172,000
Level 4 -- Attendance: 2788 (97.48%) -- Ticket Income $69,700
Luxury Box -- Attendance: 748 (74.80%) -- Ticket Income $187,000
Game was played at the Rogers Arena'
Total Attendance: 17906 (94.94%)
Total Ticket Income: $1,236,650
Other Income: $185,498
Total Income: $1,422,148

% Time on Ice - Lightning

Lines # - Real PCT - Wanted PCT - Time Play
Normal Forward
1 - 41% - 40% - 17:39
2 - 30% - 30% - 12:56
3 - 21% - 20% - 8:54
4 - 9% - 10% - 3:49
Normal Defense
1 - 38% - 40% - 16:20
2 - 31% - 30% - 13:27
3 - 26% - 20% - 11:16
4 - 5% - 10% - 2:15
PP Forward
1 - 44% - 60% - 3:00
2 - 56% - 40% - 3:47
PP Defense
1 - 60% - 60% - 4:03
2 - 40% - 40% - 2:44
PK Forward
1 - 70% - 60% - 6:54
2 - 30% - 40% - 3:01
PK Defense
1 - 57% - 60% - 5:41
2 - 43% - 40% - 4:14
PK3 Forward
1 - 0% - 60%
2 - 0% - 40%
PK3 Defense
1 - 0% - 60%
2 - 0% - 40%
44 Forward
1 - 0% - 60%
2 - 0% - 40%
44 Defense
1 - 0% - 60%
2 - 0% - 40%
Last Minute Offensive  - 0:00
Last Minute Defensive  - 0:00
Total
Forward - 60:00
Defense - 60:00

% Time on Ice - Canucks

Lines # - Real PCT - Wanted PCT - Time Play
Normal Forward
1 - 37% - 34% - 16:01
2 - 30% - 31% - 13:08
3 - 28% - 25% - 12:00
4 - 5% - 10% - 2:09
Normal Defense
1 - 36% - 34% - 15:29
2 - 35% - 32% - 15:01
3 - 26% - 25% - 11:16
4 - 4% - 9% - 1:32
PP Forward
1 - 57% - 60% - 5:39
2 - 43% - 40% - 4:16
PP Defense
1 - 55% - 62% - 5:26
2 - 45% - 38% - 4:29
PK Forward
1 - 73% - 60% - 4:59
2 - 27% - 40% - 1:48
PK Defense
1 - 47% - 50% - 3:11
2 - 53% - 50% - 3:36
PK3 Forward
1 - 0% - 60%
2 - 0% - 40%
PK3 Defense
1 - 0% - 60%
2 - 0% - 40%
44 Forward
1 - 0% - 52%
2 - 0% - 48%
44 Defense
1 - 0% - 51%
2 - 0% - 49%
Last Minute Offensive  - 0:00
Last Minute Defensive  - 0:00
Total
Forward - 60:00
Defense - 60:00

Play by Play

1st period


0:01 of 1st period - Claude Giroux wins face-off versus Henrik Sedin in neutral zone.
0:08 of 1st period - Shot by Adam Henrique.
0:08 of 1st period - Shot Misses the Net.
0:36 of 1st period - Shot by Claude Giroux.
0:36 of 1st period - Shot Blocked by Patrick Kane.
0:38 of 1st period - Shot by Claude Giroux.
0:38 of 1st period - Shot Blocked by Andrej Sekera.
1:28 of 1st period - Minor Penalty to Ryan OReilly for Slashing.
1:29 of 1st period - Logan Couture wins face-off versus Tomas Plekanec in Canucks zone.
3:12 of 1st period - Shot by Travis Zajac.
3:12 of 1st period - Shot Misses the Net.
3:22 of 1st period - Shot by Andrei Markov.
3:22 of 1st period - Stopped by Alex Stalock without a rebound.
3:23 of 1st period - Henrik Sedin wins face-off versus Nazem Kadri in Lightning zone.
3:52 of 1st period - Shot by Dmitry Kulikov.
3:52 of 1st period - Shot Misses the Net.
3:54 of 1st period - Shot by Erik Karlsson.
3:54 of 1st period - Deflect By Nazem Kadri.
3:54 of 1st period - Stopped by Alex Stalock without a rebound.
3:55 of 1st period - Claude Giroux wins face-off versus Travis Zajac in Lightning zone.
5:05 of 1st period - Icing by Andrej Sekera.
5:06 of 1st period - Nazem Kadri wins face-off versus Travis Zajac in Lightning zone.
5:24 of 1st period - Shot by Brent Burns.
5:24 of 1st period - Deflect By Chris Kreider.
5:24 of 1st period - Shot Misses the Net.
5:32 of 1st period - Shot by Nazem Kadri.
5:32 of 1st period - Deflect By Brent Burns.
5:32 of 1st period - Shot Blocked by Brent Seabrook.
6:15 of 1st period - Icing by Erik Gudbranson.
6:16 of 1st period - Logan Couture wins face-off versus Patrick Kane in Lightning zone.
6:25 of 1st period - Erik Karlsson is hit by Curtis Glencross and loses puck.
6:26 of 1st period - Minor Penalty to Curtis Glencross for Cross-checking.
6:27 of 1st period - Tomas Plekanec wins face-off versus Claude Giroux in Lightning zone.
7:22 of 1st period - Icing by P.K. Subban.
7:23 of 1st period - Claude Giroux wins face-off versus Tomas Plekanec in Canucks zone.
7:49 of 1st period - Shot by Nazem Kadri.
7:49 of 1st period - Stopped by Alex Stalock without a rebound.
7:50 of 1st period - Travis Zajac wins face-off versus Nazem Kadri in Lightning zone.
7:56 of 1st period - Icing by Brent Burns.
7:57 of 1st period - Tomas Plekanec wins face-off versus Logan Couture in Canucks zone.
8:57 of 1st period - Off-side.
8:58 of 1st period - Tomas Plekanec wins face-off versus Claude Giroux in neutral zone.
9:06 of 1st period - Erik Karlsson is hit by Erik Gudbranson and loses puck.
9:17 of 1st period - Shot by Ryan Johansen.
9:17 of 1st period - Deflect By Claude Giroux.
9:17 of 1st period - Shot Blocked by Erik Gudbranson.
9:23 of 1st period - Shot by Claude Giroux.
9:23 of 1st period - Shot Misses the Net.
9:25 of 1st period - Shot by Claude Giroux.
9:25 of 1st period - Stopped by Alex Stalock without a rebound.
9:26 of 1st period - Logan Couture wins face-off versus Henrik Sedin in Lightning zone.
9:26 of 1st period - Logan Couture is hit by David Schlemko.
9:36 of 1st period - Shot by Alex Pietrangelo.
9:36 of 1st period - Shot Misses the Net.
9:39 of 1st period - Minor Penalty to David Schlemko for Holding.
9:40 of 1st period - Claude Giroux wins face-off versus Tomas Plekanec in Lightning zone.
10:53 of 1st period - Icing by Alex Pietrangelo.
10:54 of 1st period - Tomas Plekanec wins face-off versus Logan Couture in Canucks zone.
10:54 of 1st period - Andrej Sekera is hit by P.K. Subban and loses puck.
11:03 of 1st period - Shot by P.K. Subban.
11:03 of 1st period - Stopped by Alex Stalock with a rebound.
11:05 of 1st period - Shot by P.K. Subban.
11:05 of 1st period - Stopped by Alex Stalock without a rebound.
11:06 of 1st period - Claude Giroux wins face-off versus Tomas Plekanec in Lightning zone.
11:06 of 1st period - Brent Burns is hit by Brent Seabrook and loses puck.
11:11 of 1st period - Shot by Ryan Johansen.
11:11 of 1st period - Stopped by Alex Stalock without a rebound.
11:12 of 1st period - Logan Couture wins face-off versus Travis Zajac in Lightning zone.
11:21 of 1st period - Shot by P.K. Subban.
11:21 of 1st period - Stopped by Alex Stalock without a rebound.
11:22 of 1st period - Claude Giroux wins face-off versus Tomas Plekanec in Lightning zone.
11:59 of 1st period - Shot by Patrick Kane.
11:59 of 1st period - Goal by Patrick Kane - Lightning : 1 - Canucks : 0.
12:00 of 1st period - Claude Giroux wins face-off versus Maxim Lapierre in neutral zone.
12:07 of 1st period - Shot by Adam Henrique.
12:07 of 1st period - Stopped by Alex Stalock without a rebound.
12:08 of 1st period - Claude Giroux wins face-off versus Tomas Plekanec in Lightning zone.
13:01 of 1st period - Off-side.
13:02 of 1st period - Logan Couture wins face-off versus Henrik Sedin in neutral zone.
13:08 of 1st period - Minor Penalty to Brent Seabrook for Holding.
13:09 of 1st period - Logan Couture wins face-off versus Tomas Plekanec in Lightning zone.
13:22 of 1st period - Shot by Logan Couture.
13:22 of 1st period - Shot Misses the Net.
13:34 of 1st period - Shot by Ryan OReilly.
13:34 of 1st period - Shot Misses the Net.
14:04 of 1st period - Shot by Travis Zajac.
14:04 of 1st period - Shot Misses the Net.
14:06 of 1st period - Shot by David Schlemko.
14:06 of 1st period - Stopped by Henrik Lundqvist without a rebound.
14:07 of 1st period - Tomas Plekanec wins face-off versus Claude Giroux in Canucks zone.
15:56 of 1st period - Justin Braun is hit by Erik Gudbranson and loses puck.
16:44 of 1st period - Icing by David Schlemko.
16:45 of 1st period - Claude Giroux wins face-off versus Tomas Plekanec in Lightning zone.
16:54 of 1st period - Shot by Claude Giroux.
16:54 of 1st period - Stopped by Alex Stalock without a rebound.
16:55 of 1st period - Travis Zajac wins face-off versus Adam Henrique in Lightning zone.
18:17 of 1st period - Shot by Chris Kreider.
18:17 of 1st period - Stopped by Alex Stalock with a rebound.
18:19 of 1st period - Shot by Nazem Kadri.
18:19 of 1st period - Stopped by Alex Stalock with a rebound.
18:59 of 1st period - Alex Pietrangelo is hit by Jason Chimera and loses puck.
19:17 of 1st period - Tomas Plekanec is hit by P.K. Subban and loses puck.
19:46 of 1st period - Minor Penalty to Chris Kreider for Hooking.
19:47 of 1st period - Marcus Kruger wins face-off versus Patrick Kane in Canucks zone.
Goals for this period are 1 for Lightning vs 0 for Canucks.
Shots for this period are 2 for Lightning vs 12 for Canucks.

2nd period


0:01 of 2nd period - Marcus Kruger wins face-off versus Henrik Sedin in neutral zone.
0:17 of 2nd period - Shot by Logan Couture.
0:17 of 2nd period - Shot Misses the Net.
1:23 of 2nd period - Shot by Erik Gudbranson.
1:23 of 2nd period - Shot Blocked by Andrei Markov.
1:55 of 2nd period - Shot by Claude Giroux.
1:55 of 2nd period - Deflect By Adam Henrique.
1:55 of 2nd period - Shot Misses the Net.
2:26 of 2nd period - Shot by Erik Karlsson.
2:26 of 2nd period - Stopped by Alex Stalock with a rebound.
2:30 of 2nd period - Shot by Adam Henrique.
2:30 of 2nd period - Shot Misses the Net.
3:13 of 2nd period - Icing by Nazem Kadri.
3:14 of 2nd period - Henrik Sedin wins face-off versus Nazem Kadri in Canucks zone.
3:25 of 2nd period - Shot by Curtis Glencross.
3:25 of 2nd period - Deflect By Patrick Kane.
3:25 of 2nd period - Shot Misses the Net.
3:27 of 2nd period - Shot by Brent Seabrook.
3:27 of 2nd period - Shot Misses the Net.
3:36 of 2nd period - Minor Penalty to Justin Braun for High sticking.
3:37 of 2nd period - Tomas Plekanec wins face-off versus Marcus Kruger in Canucks zone.
3:42 of 2nd period - Shot by Curtis Glencross.
3:42 of 2nd period - Goal by Curtis Glencross - Lightning : 2 - Canucks : 0.
3:43 of 2nd period - Logan Couture wins face-off versus Travis Zajac in neutral zone.
3:48 of 2nd period - Shot by Logan Couture.
3:48 of 2nd period - Shot Misses the Net.
3:50 of 2nd period - Shot by Logan Couture.
3:50 of 2nd period - Stopped by Alex Stalock without a rebound.
3:51 of 2nd period - Henrik Sedin wins face-off versus Logan Couture in Lightning zone.
4:21 of 2nd period - Shot by Erik Karlsson.
4:21 of 2nd period - Goal by Erik Karlsson - Lightning : 2 - Canucks : 1.
4:22 of 2nd period - Claude Giroux wins face-off versus Tomas Plekanec in neutral zone.
4:22 of 2nd period - Adam Henrique is hit by Jason Chimera and loses puck.
4:48 of 2nd period - Off-side.
4:49 of 2nd period - Henrik Sedin wins face-off versus Logan Couture in neutral zone.
5:10 of 2nd period - Shot by Henrik Sedin.
5:10 of 2nd period - Stopped by Henrik Lundqvist without a rebound.
5:11 of 2nd period - Claude Giroux wins face-off versus Tomas Plekanec in Canucks zone.
5:11 of 2nd period - Claude Giroux is hit by Erik Gudbranson.
5:16 of 2nd period - Minor Penalty to Tomas Plekanec for Holding.
5:17 of 2nd period - Claude Giroux wins face-off versus Cam Atkinson in Lightning zone.
5:20 of 2nd period - Shot by Phil Kessel.
5:20 of 2nd period - Shot Misses the Net.
5:22 of 2nd period - Shot by Brent Burns.
5:22 of 2nd period - Stopped by Alex Stalock with a rebound.
5:58 of 2nd period - Shot by Erik Karlsson.
5:58 of 2nd period - Stopped by Alex Stalock without a rebound.
5:59 of 2nd period - Logan Couture wins face-off versus Cam Atkinson in Lightning zone.
6:00 of 2nd period - Shot by Alex Pietrangelo.
6:00 of 2nd period - Shot Misses the Net.
6:09 of 2nd period - Shot by Alex Pietrangelo.
6:09 of 2nd period - Shot Misses the Net.
6:11 of 2nd period - Shot by Alex Pietrangelo.
6:11 of 2nd period - Stopped by Alex Stalock without a rebound.
6:12 of 2nd period - Cam Atkinson wins face-off versus Logan Couture in Lightning zone.
6:12 of 2nd period - Andrej Meszaros is hit by Nazem Kadri and loses puck.
6:31 of 2nd period - Shot by Nazem Kadri.
6:31 of 2nd period - Stopped by Alex Stalock without a rebound.
6:32 of 2nd period - Cam Atkinson wins face-off versus Phil Kessel in Lightning zone.
6:53 of 2nd period - Shot by Erik Karlsson.
6:53 of 2nd period - Shot Blocked by Andrej Sekera.
6:55 of 2nd period - Shot by Claude Giroux.
6:55 of 2nd period - Shot Blocked by Andrej Sekera.
6:57 of 2nd period - Shot by Claude Giroux.
6:57 of 2nd period - Shot Misses the Net.
6:59 of 2nd period - Shot by Claude Giroux.
6:59 of 2nd period - Shot Misses the Net.
7:01 of 2nd period - Shot by Claude Giroux.
7:01 of 2nd period - Shot Misses the Net.
7:03 of 2nd period - Shot by Erik Karlsson.
7:03 of 2nd period - Stopped by Alex Stalock without a rebound.
7:04 of 2nd period - Nazem Kadri wins face-off versus Cam Atkinson in Lightning zone.
7:11 of 2nd period - Shot by Logan Couture.
7:11 of 2nd period - Stopped by Alex Stalock with a rebound.
7:13 of 2nd period - Shot by Alex Pietrangelo.
7:13 of 2nd period - Stopped by Alex Stalock without a rebound.
7:14 of 2nd period - Logan Couture wins face-off versus Cam Atkinson in Lightning zone.
7:14 of 2nd period - Nazem Kadri is hit by Brent Seabrook.
7:20 of 2nd period - Shot by Henrik Sedin.
7:20 of 2nd period - Shot Misses the Net.
7:24 of 2nd period - Shot by Patrick Kane.
7:24 of 2nd period - Shot Misses the Net.
7:34 of 2nd period - Shot by Curtis Glencross.
7:34 of 2nd period - Stopped by Henrik Lundqvist with a rebound.
7:36 of 2nd period - Shot by Erik Gudbranson.
7:36 of 2nd period - Shot Misses the Net.
9:25 of 2nd period - Teddy Purcell is hit by P.K. Subban.
10:21 of 2nd period - Shot by Andrej Meszaros.
10:21 of 2nd period - Shot Misses the Net.
10:23 of 2nd period - Shot by Henrik Sedin.
10:23 of 2nd period - Stopped by Henrik Lundqvist without a rebound.
10:24 of 2nd period - Logan Couture wins face-off versus Tomas Plekanec in Canucks zone.
10:29 of 2nd period - Erik Karlsson is hit by Tomas Plekanec and loses puck.
10:36 of 2nd period - Shot by Tomas Plekanec.
10:36 of 2nd period - Stopped by Henrik Lundqvist without a rebound.
10:37 of 2nd period - Henrik Sedin wins face-off versus Claude Giroux in Canucks zone.
11:28 of 2nd period - Jonas Brodin is hit by Curtis Glencross and loses puck.
11:36 of 2nd period - Icing by Justin Braun.
11:37 of 2nd period - Claude Giroux wins face-off versus Tomas Plekanec in Canucks zone.
11:51 of 2nd period - Icing by Justin Braun.
11:52 of 2nd period - Travis Zajac wins face-off versus Claude Giroux in Canucks zone.
12:11 of 2nd period - Shot by Phil Kessel.
12:11 of 2nd period - Shot Misses the Net.
12:13 of 2nd period - Shot by Erik Karlsson.
12:13 of 2nd period - Shot Misses the Net.
13:46 of 2nd period - Shot by Curtis Glencross.
13:46 of 2nd period - Shot Misses the Net.
13:48 of 2nd period - Shot by Henrik Sedin.
13:48 of 2nd period - Stopped by Henrik Lundqvist without a rebound.
13:49 of 2nd period - Claude Giroux wins face-off versus Tomas Plekanec in Canucks zone.
15:00 of 2nd period - Shot by Ryan OReilly.
15:00 of 2nd period - Shot Misses the Net.
15:02 of 2nd period - Shot by Ryan OReilly.
15:02 of 2nd period - Shot Misses the Net.
15:04 of 2nd period - Shot by Logan Couture.
15:04 of 2nd period - Stopped by Alex Stalock without a rebound.
15:05 of 2nd period - Nazem Kadri wins face-off versus Maxim Lapierre in Lightning zone.
15:30 of 2nd period - Alex Pietrangelo is hit by Maxim Lapierre.
15:34 of 2nd period - Alex Pietrangelo is hit by Maxim Lapierre and loses puck.
16:11 of 2nd period - Shot by Curtis Glencross.
16:11 of 2nd period - Stopped by Henrik Lundqvist without a rebound.
16:12 of 2nd period - Logan Couture wins face-off versus Tomas Plekanec in Canucks zone.
16:12 of 2nd period - Erik Karlsson is hit by Jason Chimera and loses puck.
16:32 of 2nd period - Minor Penalty to Erik Gudbranson for Hooking.
16:33 of 2nd period - Claude Giroux wins face-off versus Tomas Plekanec in Lightning zone.
16:34 of 2nd period - Shot by Phil Kessel.
16:34 of 2nd period - Stopped by Alex Stalock without a rebound.
16:35 of 2nd period - Claude Giroux wins face-off versus Tomas Plekanec in Lightning zone.
16:48 of 2nd period - Shot by Erik Karlsson.
16:48 of 2nd period - Stopped by Alex Stalock without a rebound.
16:49 of 2nd period - Nazem Kadri wins face-off versus Tomas Plekanec in Lightning zone.
17:47 of 2nd period - Shot by Erik Karlsson.
17:47 of 2nd period - Shot Blocked by Andrej Meszaros.
17:49 of 2nd period - Shot by Erik Karlsson.
17:49 of 2nd period - Shot Misses the Net.
17:51 of 2nd period - Shot by Brent Burns.
17:51 of 2nd period - Stopped by Alex Stalock without a rebound.
17:52 of 2nd period - Claude Giroux wins face-off versus Travis Zajac in Lightning zone.
17:55 of 2nd period - Shot by Brent Burns.
17:55 of 2nd period - Shot Misses the Net.
17:57 of 2nd period - Shot by Ryan Johansen.
17:57 of 2nd period - Shot Misses the Net.
17:59 of 2nd period - Shot by Ryan Johansen.
17:59 of 2nd period - Stopped by Alex Stalock without a rebound.
18:00 of 2nd period - Travis Zajac wins face-off versus Claude Giroux in Lightning zone.
18:26 of 2nd period - Icing by Brent Burns.
18:27 of 2nd period - Travis Zajac wins face-off versus Claude Giroux in Canucks zone.
18:30 of 2nd period - Shot by Travis Zajac.
18:30 of 2nd period - Stopped by Henrik Lundqvist without a rebound.
18:31 of 2nd period - Tomas Plekanec wins face-off versus Ryan OReilly in Canucks zone.
18:56 of 2nd period - Shot by Ryan OReilly.
18:56 of 2nd period - Shot Misses the Net.
18:58 of 2nd period - Shot by Justin Braun.
18:58 of 2nd period - Stopped by Alex Stalock without a rebound.
18:59 of 2nd period - Tomas Plekanec wins face-off versus Claude Giroux in Lightning zone.
18:59 of 2nd period - Brent Seabrook is hit by Ryan Johansen and loses puck.
19:15 of 2nd period - Off-side.
19:16 of 2nd period - Henrik Sedin wins face-off versus Nazem Kadri in neutral zone.
Goals for this period are 1 for Lightning vs 1 for Canucks.
Shots for this period are 8 for Lightning vs 16 for Canucks.

3rd period


0:01 of 3rd period - Logan Couture wins face-off versus Henrik Sedin in neutral zone.
0:40 of 3rd period - Shot by Logan Couture.
0:40 of 3rd period - Shot Misses the Net.
1:09 of 3rd period - Shot by Erik Karlsson.
1:09 of 3rd period - Shot Blocked by Andrej Sekera.
1:11 of 3rd period - Shot by Ryan Johansen.
1:11 of 3rd period - Shot Blocked by Andrej Sekera.
1:17 of 3rd period - Shot by Claude Giroux.
1:17 of 3rd period - Stopped by Alex Stalock with a rebound.
1:19 of 3rd period - Shot by Andrei Markov.
1:19 of 3rd period - Shot Misses the Net.
1:25 of 3rd period - Shot by Adam Henrique.
1:25 of 3rd period - Shot Blocked by Andrej Sekera.
1:27 of 3rd period - Shot by Andrei Markov.
1:27 of 3rd period - Shot Misses the Net.
1:29 of 3rd period - Shot by Andrei Markov.
1:29 of 3rd period - Stopped by Alex Stalock without a rebound.
1:30 of 3rd period - Nazem Kadri wins face-off versus Tomas Plekanec in Lightning zone.
1:33 of 3rd period - Shot by Chris Kreider.
1:33 of 3rd period - Stopped by Alex Stalock without a rebound.
1:34 of 3rd period - Tomas Plekanec wins face-off versus Nazem Kadri in Lightning zone.
1:49 of 3rd period - Shot by Chris Kreider.
1:49 of 3rd period - Shot Misses the Net.
1:51 of 3rd period - Shot by Nazem Kadri.
1:51 of 3rd period - Stopped by Alex Stalock without a rebound.
1:52 of 3rd period - Logan Couture wins face-off versus Travis Zajac in Lightning zone.
2:13 of 3rd period - Shot by Teddy Purcell.
2:13 of 3rd period - Stopped by Henrik Lundqvist without a rebound.
2:14 of 3rd period - Claude Giroux wins face-off versus Tomas Plekanec in Canucks zone.
2:14 of 3rd period - Claude Giroux is hit by Tomas Plekanec.
2:27 of 3rd period - Icing by Andrei Markov.
2:28 of 3rd period - Teddy Purcell wins face-off versus Ryan Johansen in Canucks zone.
3:07 of 3rd period - Shot by Claude Giroux.
3:07 of 3rd period - Stopped by Alex Stalock without a rebound.
3:08 of 3rd period - Tomas Plekanec wins face-off versus Logan Couture in Lightning zone.
3:35 of 3rd period - Icing by Jason Chimera.
3:36 of 3rd period - Nazem Kadri wins face-off versus Tomas Plekanec in Lightning zone.
3:56 of 3rd period - Off-side.
3:57 of 3rd period - Logan Couture wins face-off versus Curtis Glencross in neutral zone.
3:59 of 3rd period - Alex Pietrangelo is hit by Erik Gudbranson and loses puck.
5:05 of 3rd period - Shot by Claude Giroux.
5:05 of 3rd period - Stopped by Alex Stalock without a rebound.
5:06 of 3rd period - Nazem Kadri wins face-off versus Tomas Plekanec in Lightning zone.
5:22 of 3rd period - Minor Penalty to Justin Braun for Hooking.
5:23 of 3rd period - Tomas Plekanec wins face-off versus Marcus Kruger in Canucks zone.
5:38 of 3rd period - Shot by Andrej Sekera.
5:38 of 3rd period - Stopped by Henrik Lundqvist with a rebound.
5:40 of 3rd period - Shot by Brent Seabrook.
5:40 of 3rd period - Shot Misses the Net.
5:56 of 3rd period - Shot by Andrei Markov.
5:56 of 3rd period - Shot Misses the Net.
6:19 of 3rd period - Shot by Erik Gudbranson.
6:19 of 3rd period - Stopped by Henrik Lundqvist without a rebound.
6:20 of 3rd period - Patrick Kane wins face-off versus Ryan OReilly in Canucks zone.
6:21 of 3rd period - Shot by Andrej Sekera.
6:21 of 3rd period - Shot Blocked by Jonas Brodin.
6:23 of 3rd period - Shot by Andrej Sekera.
6:23 of 3rd period - Shot Misses the Net.
7:03 of 3rd period - Shot by Andrej Meszaros.
7:03 of 3rd period - Shot Blocked by Andrei Markov.
7:18 of 3rd period - Icing by Andrej Meszaros.
7:19 of 3rd period - Marcus Kruger wins face-off versus Tomas Plekanec in Lightning zone.
7:22 of 3rd period - Shot by Logan Couture.
7:22 of 3rd period - Stopped by Alex Stalock without a rebound.
7:23 of 3rd period - Nazem Kadri wins face-off versus Maxim Lapierre in Lightning zone.
7:58 of 3rd period - Shot by Maxime Talbot.
7:58 of 3rd period - Stopped by Henrik Lundqvist without a rebound.
7:59 of 3rd period - Claude Giroux wins face-off versus Henrik Sedin in Canucks zone.
8:18 of 3rd period - Shot by Henrik Sedin.
8:18 of 3rd period - Stopped by Henrik Lundqvist without a rebound.
8:19 of 3rd period - Tomas Plekanec wins face-off versus Ryan OReilly in Canucks zone.
8:54 of 3rd period - Shot by Tomas Plekanec.
8:54 of 3rd period - Stopped by Henrik Lundqvist without a rebound.
8:55 of 3rd period - Henrik Sedin wins face-off versus Claude Giroux in Canucks zone.
8:57 of 3rd period - Patrick Kane is hit by P.K. Subban and loses puck.
9:00 of 3rd period - Shot by Henrik Sedin.
9:00 of 3rd period - Shot Misses the Net.
9:02 of 3rd period - Shot by Patrick Kane.
9:02 of 3rd period - Shot Blocked by P.K. Subban.
9:04 of 3rd period - Shot by Patrick Kane.
9:04 of 3rd period - Stopped by Henrik Lundqvist without a rebound.
9:05 of 3rd period - Claude Giroux wins face-off versus Henrik Sedin in Canucks zone.
9:05 of 3rd period - Claude Giroux is hit by Curtis Glencross.
9:22 of 3rd period - Henrik Sedin is hit by P.K. Subban and loses puck.
9:38 of 3rd period - Minor Penalty to P.K. Subban for Interference.
9:39 of 3rd period - Marcus Kruger wins face-off versus Tomas Plekanec in Canucks zone.
10:17 of 3rd period - Off-side.
10:18 of 3rd period - Henrik Sedin wins face-off versus Marcus Kruger in neutral zone.
10:22 of 3rd period - Shot by Erik Gudbranson.
10:22 of 3rd period - Deflect By Patrick Kane.
10:22 of 3rd period - Goal by Patrick Kane - Lightning : 3 - Canucks : 1.
10:23 of 3rd period - Travis Zajac wins face-off versus Claude Giroux in neutral zone.
10:25 of 3rd period - Andrej Meszaros is hit by Erik Karlsson and loses puck.
10:28 of 3rd period - Shot by Maxime Talbot.
10:28 of 3rd period - Goal by Maxime Talbot - Lightning : 4 - Canucks : 1.
10:29 of 3rd period - Claude Giroux wins face-off versus Travis Zajac in neutral zone.
11:26 of 3rd period - Erik Karlsson is hit by Maxime Talbot and loses puck.
11:38 of 3rd period - Erik Karlsson is hit by Jason Chimera and loses puck.
12:37 of 3rd period - Shot by Ryan OReilly.
12:37 of 3rd period - Shot Misses the Net.
13:16 of 3rd period - Icing by Scott Hannan.
13:17 of 3rd period - Nazem Kadri wins face-off versus Henrik Sedin in Lightning zone.
13:17 of 3rd period - Chris Kreider is hit by David Schlemko.
13:21 of 3rd period - Shot by Nazem Kadri.
13:21 of 3rd period - Stopped by Alex Stalock without a rebound.
13:22 of 3rd period - Travis Zajac wins face-off versus Nazem Kadri in Lightning zone.
13:22 of 3rd period - Andrej Sekera is hit by Chris Kreider and loses puck.
14:06 of 3rd period - Shot by Brent Burns.
14:06 of 3rd period - Stopped by Alex Stalock without a rebound.
14:07 of 3rd period - Tomas Plekanec wins face-off versus Logan Couture in Lightning zone.
14:26 of 3rd period - Shot by Logan Couture.
14:26 of 3rd period - Shot Misses the Net.
14:28 of 3rd period - Shot by Alex Pietrangelo.
14:28 of 3rd period - Shot Blocked by Tomas Plekanec.
14:30 of 3rd period - Shot by Logan Couture.
14:30 of 3rd period - Stopped by Alex Stalock without a rebound.
14:31 of 3rd period - Marcus Kruger wins face-off versus Henrik Sedin in Lightning zone.
14:44 of 3rd period - Icing by Scott Hannan.
14:45 of 3rd period - Henrik Sedin wins face-off versus Nazem Kadri in Lightning zone.
15:01 of 3rd period - Shot by Patrick Kane.
15:01 of 3rd period - Shot Blocked by Brent Burns.
15:03 of 3rd period - Shot by Scott Hannan.
15:03 of 3rd period - Goal by Scott Hannan - Lightning : 5 - Canucks : 1.
15:04 of 3rd period - Tomas Plekanec wins face-off versus Phil Kessel in neutral zone.
15:22 of 3rd period - Shot by Logan Couture.
15:22 of 3rd period - Shot Blocked by Brent Seabrook.
15:24 of 3rd period - Shot by Erik Karlsson.
15:24 of 3rd period - Shot Blocked by Cam Atkinson.
16:30 of 3rd period - Shot by Ryan Johansen.
16:30 of 3rd period - Shot Misses the Net.
16:32 of 3rd period - Shot by Ryan Johansen.
16:32 of 3rd period - Stopped by Alex Stalock without a rebound.
16:33 of 3rd period - Henrik Sedin wins face-off versus Nazem Kadri in Lightning zone.
17:00 of 3rd period - Shot by Brent Burns.
17:00 of 3rd period - Shot Misses the Net.
17:52 of 3rd period - Shot by Phil Kessel.
17:52 of 3rd period - Stopped by Alex Stalock without a rebound.
17:53 of 3rd period - Claude Giroux wins face-off versus Maxime Talbot in Lightning zone.
18:00 of 3rd period - Shot by Adam Henrique.
18:00 of 3rd period - Shot Misses the Net.
19:17 of 3rd period - Shot by Logan Couture.
19:17 of 3rd period - Goal by Logan Couture - Lightning : 5 - Canucks : 2.
19:18 of 3rd period - Henrik Sedin wins face-off versus Nazem Kadri in neutral zone.
19:23 of 3rd period - Shot by Henrik Sedin.
19:23 of 3rd period - Shot Misses the Net.
19:42 of 3rd period - Shot by Patrick Kane.
19:42 of 3rd period - Goal by Patrick Kane - Lightning : 6 - Canucks : 2.
19:43 of 3rd period - Logan Couture wins face-off versus Travis Zajac in neutral zone.
Goals for this period are 4 for Lightning vs 1 for Canucks.
Shots for this period are 11 for Lightning vs 13 for Canucks.


Output by the SimonT Hockey Simulator (STHS) for Stephane Roy -- Original Page W3C XHTML 1.0 Valid
Hockey Simulator - Hockey Simulation - Hockey Manager